 Dungeon Sprint DCSS version 0.22-a0-322-g60b3cfd (webtiles) character file.

85 emperorscorpion the Gusty (level 4, -13/36 HPs)
             Began as a Deep Elf Air Elementalist on Apr 5, 2018.
             Mangled by an orc
             ... wielding a +0 whip of electrocution
              (20 damage)
             ... in the Dungeon (Sprint IX: "|||||||||||||||||||||||||||||").
             The game lasted 00:00:25 (60 turns).

emperorscorpion the Gusty (Deep Elf Air Elementalist) Turns: 60, Time: 00:00:25

Health: -13/36     AC:  2    Str: 10    XL:     4   Next: 25%
Magic:  8/13       EV: 14    Int: 20    God:
Gold:   0          SH:  0    Dex: 16    Spells: 13/14 levels left

rFire    . . .     SeeInvis .   (no weapon)
rCold    . . .     Gourm    .   (no shield)
rNeg     . . .     Faith    .   a - +0 robe
rPois    .         Spirit   .   (no helmet)
rElec    .         Reflect  .   (no cloak)
rCorr    .         Harm     .   (no gloves)
MR       .....     NoTele   +   (no boots)
Stlth    ..........             (no amulet)
HPRegen  0.12/turn              (no ring)
MPRegen  0.13/turn              (no ring)

@: berserking (expiring), very quick
A: no striking features
a: no special abilities


You were in the Dungeon.
You were not hungry.

You visited 1 branch

Inventory:

Armour
 a - a +0 robe (worn)
Scrolls
 i - a scroll of blinking
Potions
 d - a potion of curing
 e - a potion of heal wounds
 f - a potion of haste
 g - 2 potions of magic
Comestibles
 b - 3 chunks of flesh
 c - a ration


   Skills:
 + Level 4.3 Dodging
 + Level 4.0 Stealth
 + Level 0.6 Unarmed Combat
 + Level 5.7 Spellcasting
 + Level 1.7 Conjurations
 + Level 6.8 Air Magic


You had 13 spell levels left.
You knew the following spells:

 Your Spells              Type           Power        Failure   Level  Hunger
a - Shock                 Conj/Air       ###.         1%          1    None


Dungeon Overview and Level Annotations

Branches:
Dungeon (1/1)

Altars:


Message History

You barely miss the centaur.
The centaur is severely wounded.
The centaur closely misses you.
You punch the centaur!
You kill the centaur!
Your Dodging skill gained 2 levels and is now at level 4!
Your Stealth skill increases to level 4!
Your Spellcasting skill gained 2 levels and is now at level 5!
Your Air Magic skill gained 2 levels and is now at level 6!
You have reached level 3!
Your experience leads to an increase in your attributes!
Your base attributes are Str 5, Int 19, Dex 15.
Increase (S)trength, (I)ntelligence, or (D)exterity?
You feel agile.
You have reached level 4!
You feel clever.
You barely miss the orc. The orc hits you but does no damage.
You are electrocuted!
Ouch! That really hurt!
You die... ▓▓▓▓▓▓▓▓▓▓▓▓▓▓▓▓▓▓ +..†Zo@()..÷÷...<▓ ▓▓▓▓▓▓▓▓▓▓▓▓▓▓▓▓▓▓

You could see an orc and a leopard gecko zombie.

Vanquished Creatures
  A centaur (D)
  2 leopard geckos (D)
  A hobgoblin (D)
  A jackal (D)
  A bat (D)
  2 goblins (D)
8 creatures vanquished.

Notes
Turn   | Place    | Note
-------+----------+-------------------------------------------
     0 | D        | emperorscorpion the Deep Elf Air Elementalist began the quest for the Orb.
     0 | D        | Reached XP level 1. HP: 10/10 MP: 6/6
     6 | D        | Reached skill level 4 in Air Magic
    45 | D        | Noticed a centaur
    46 | D        | Reached XP level 2. HP: 14/15 MP: 6/8
    59 | D        | Killed a centaur
    59 | D        | Reached skill level 5 in Spellcasting
    59 | D        | Reached skill level 6 in Air Magic
    59 | D        | Reached XP level 3. HP: 5/19 MP: 8/12
    59 | D        | Reached XP level 4. HP: 7/24 MP: 8/13
    60 | D        | Mangled by an orc

Vault maps used:
D:        linesprint

Skill      XL: |  1  2 |
---------------+-------+-----
Air Magic      | 4 6 |  6.8
Stealth        | 3 4 |  4.0
Dodging        | 4 |  4.3
Spellcasting   | 5 |  5.7
Unarmed Combat | |  0.6
Conjurations   | |  1.7

Action                   |  1- 3 |  4- 6 || total
-------------------------+-------+-------++-------
Melee: Unarmed           |    10 |     1 ||    11
 Cast: Shock             |     4 |       ||     4
  Use: Potion            |     1 |       ||     1
Armor: Robe              |     1 |       ||     1
Dodge: Dodged            |     9 |       ||     9

Table legend:
 A = Spawn XP
 B = Non-spawn XP
 C = Spawn XP percentage of total XP
 D = Spawn monster count
 E = Non-spawn monster count
 F = Spawn count percentage of total count
 G = Total turns spent on level
                    A         B        C        D         E        F      G
               +---------+---------+-------+---------+---------+-------+---------
         Total |       0 |     122 |   0.0 |       0 |       8 |   0.0 |    60
               +---------+---------+-------+---------+---------+-------+---------
             D |       0 |     122 |   0.0 |       0 |       8 |   0.0 |    60
               +---------+---------+-------+---------+---------+-------+---------
